 Dungeon Crawl Stone Soup version 0.27.1-4-g1640c2035a (webtiles) character file.

Game seed: 4452595385522674303

9020 DearestLeader the Cleaver (level 11, 0/91 HPs)
             Began as a Minotaur Fighter on Nov 2, 2021.
             Was an Elder of Okawaru.
             Slain by a two-headed ogre (8 damage)
             ... on level 9 of the Dungeon.
             The game lasted 00:17:09 (11338 turns).

DearestLeader the Cleaver (Minotaur Fighter)       Turns: 11338, Time: 00:17:10

Health: 0/91       AC: 20    Str: 24    XL:     11   Next: 17%
Magic:  15/15      EV: 10    Int:  5    God:    Okawaru [****..]
Gold:   172        SH:  8    Dex: 10    Spells: 10/10 levels left

rFire    + . .     SeeInvis .   a - +0 war axe
rCold    . . .     Faith    .   g - +2 buckler
rNeg     . . .     Spirit   .   P - +0 plate armour {rF+}
rPois    .         Reflect  .   y - +1 hat
rElec    .         Harm     .   e - +0 cloak
rCorr    .         Rampage  .   (no gloves)
Will     +....                  I - +0 pair of boots
Stlth    ..........             T - amulet of magic regeneration
HPRegen  0.25/turn              A - ring of flight
MPRegen  0.39/turn              k - ring of willpower

@: heroic, flying
A: horns 2, retaliatory headbutt
a: Renounce Religion, Heroism


You were on level 9 of the Dungeon.
You worshipped Okawaru.
Okawaru was greatly pleased with you.
You visited 2 branches of the dungeon, and saw 11 of its levels.
You also visited: Ossuary.

You collected 562 gold pieces.
You spent 390 gold pieces at shops.

Inventory:

Hand Weapons
 a - a +0 war axe (weapon)
 G - a +0 battleaxe
 H - the +8 short sword of Butsuwyasch {chaos, Fly rElec rF+++ Dex-5 Stlth-}
   (You took it off a kobold brigand on level 5 of the Dungeon)

   Each time it hits an enemy it has a different, random effect.
   Dex:       It affects your dexterity (-5).
   rF:        It renders you almost immune to fire.
   rElec:     It insulates you from electricity.
   Fly:       It grants you flight.
   Stlth:     It makes you less stealthy.
 L - a +3 dire flail
 W - a +0 flail of protection
Missiles
 x - 118 sling bullets
 B - 26 poisoned darts (quivered)
 E - 3 throwing nets
Armour
 c - a +0 kite shield
 e - a +0 cloak (worn)
 g - a +2 buckler (worn)
 y - a +1 hat (worn)
 I - a +0 pair of boots (worn)
 P - a +0 plate armour of fire resistance (worn)
Jewellery
 i - a +6 ring of intelligence
 k - a ring of willpower (right hand)
 A - a ring of flight (left hand)
 J - a ring of ice
 N - an amulet of faith
 T - an amulet of magic regeneration (around neck)
 X - a +4 ring of protection
Wands
 n - a wand of flame (76)
 C - a wand of iceblast (11)
 R - a wand of mindburst (26)
 S - a wand of acid (5)
 U - a wand of digging (4)
Scrolls
 h - 2 scrolls of teleportation
 l - 2 scrolls of fog
 p - 3 scrolls of noise
 t - 2 scrolls of amnesia
 v - a scroll of silence {unknown}
 w - a scroll of magic mapping {unknown}
 D - a scroll of immolation {unknown}
 F - a scroll of summoning {unknown}
 O - a scroll of vulnerability {unknown}
 Q - a scroll of enchant weapon {unknown}
Potions
 b - 2 potions of flight {unknown}
 d - a potion of might
 f - 2 potions of berserk rage
 j - a potion of degeneration {unknown}
 m - 3 potions of lignification
 o - 3 potions of brilliance
 q - 2 potions of resistance {unknown}
 r - 3 potions of heal wounds
 s - 3 potions of curing
 u - a potion of invisibility {unknown}
 z - a potion of haste {unknown}
 K - a potion of attraction {unknown}
 M - a potion of mutation {unknown}
 V - a potion of ambrosia {unknown}


   Skills:
 + Level 6.5(11.5) Fighting
 * Level 14.5(19.5) Axes
 + Level 9.4(14.4) Armour
 - Level 4.0(9.0) Dodging
 - Level 5.1(10.1) Shields
 + Level 6.8 Invocations


You had 10 spell levels left.
You didn't know any spells.
Your spell library contained the following spells:

 Spells                   Type           Power      Damage    Failure   Level
 Sting                    Tmut/Pois      0%         1d3       99%         1
 Poisonous Vapours        Pois/Air       0%         N/A       100%        2
 Olgreb's Toxic Radiance  Pois           0%         N/A       100%        4
 Dispersal                Tloc           0%         N/A       100%        6
 Disjunction              Tloc           0%         N/A       100%        8


Dungeon Overview and Level Annotations

Branches:
Dungeon (10/15)            Temple (1/1) D:4             Orc (0/2) D:10
Ossuary (visited)
   Lair: D:8-11

Altars:
Ashenzari
Cheibriados
Elyvilon
Fedhas
Hepliaklqana
Kikubaaqudgha
Makhleb
Okawaru
Qazlal
Sif Muna
Trog
Uskayaw
Vehumet
Wu Jian
Xom
Yredelemnul
Zin
The Shining One
Beogh

Shops:
D:7 [


Innate Abilities, Weirdness & Mutations

You have a pair of horns on your head.
You reflexively headbutt those who attack you in melee.


Message History

You block the centaur warrior zombie's attack.
The centaur warrior zombie completely misses you.
The orc warrior hits you with a +0 dire flail!
There is a stone staircase leading up, spattered with blood here.
The centaur warrior zombie hits you but does no damage.
The centaur warrior zombie kicks you but does no damage.
The two-headed ogre hits you with a +0 giant club!!
The two-headed ogre hits you but does no damage.
The orc warrior hits you with a +0 dire flail!
You fly upwards.
There is a stone staircase leading down here.
The orc warrior hits you but does no damage.
There is a stone staircase leading down here.
The two-headed ogre hits you with a +0 giant club.
The two-headed ogre completely misses you.
There is an open door here.
You gain the combat prowess of a mighty hero.
You can no longer speed up your combat.
Okawaru will no longer gift you equipment.
The orc warrior hits you but does no damage.
Okay, then.
You closely miss the orc warrior.
The orc warrior hits you with a +0 dire flail.
You hit the orc warrior.
The orc warrior is lightly wounded.
You barely miss the two-headed ogre. You barely miss the two-headed ogre.
Your headbutt misses the two-headed ogre.
The two-headed ogre hits you with a +0 giant club!
* * * LOW HITPOINT WARNING * * *
The two-headed ogre hits you with a +0 giant spiked club!
* * * LOW HITPOINT WARNING * * *
You closely miss the two-headed ogre.
Your headbutt misses the two-headed ogre.
You slash the two-headed ogre!
The two-headed ogre is lightly wounded.
The two-headed ogre hits you with a +0 giant club.
* * * LOW HITPOINT WARNING * * *
The two-headed ogre hits you with a +0 giant spiked club!
You die...

#.......# #...#.....#.#####
#.......# #...#.....#......
#.......# ###...##+####......
#.......####..................
#..[>.........................
#.............................
#.............................
#......>....####.......#######
#..........oO@.#####...# #
#...........#......#...# #
#..........##......#...# #
#..........#.......#...# #
#..........#.......#...# #
#......)[..#.......#...# #
#........).#####'###...# #
##.......).............# #
#..######.............# #


You could see a two-headed ogre and an orc warrior.

Vanquished Creatures
  A two-headed ogre (D:8)
  Joseph (D:7)
  A hornet (D:9)
  4 slime creatures
  Sigmund (D:2)
  A shadow (D:7)
  11 yaks
  A wyvern (D:9)
  A wraith (D:9)
  Eustachio (D:4)
  A steam dragon (D:5)
  The ghost of FDRCH the Conjurer, an amateur DECj (D:4)
  2 water moccasins
  3 black bears
  3 orc warriors
  2 hornet zombies
  An ice beast (D:7)
  An ogre (D:6)
  A sky beast (D:5)
  6 necrophages
  A centaur (D:8)
  2 kobold brigands (D:5)
  4 elf zombies (Ossuary)
  3 bullfrogs
  A gnoll sergeant (D:9)
  3 scorpions
  2 water moccasin zombies
  A water moccasin skeleton (D:4)
  5 killer bees
  4 wights (D:7)
  A howler monkey (D:9)
  4 centaur zombies (Ossuary)
  A bullfrog zombie (D:5)
  A centaur skeleton (D:6)
  3 hounds
  A jelly (D:5)
  2 bullfrog skeletons (D:6)
  A gnoll shaman (D:5)
  5 orc priests
  5 human zombies
  A scorpion zombie (D:4)
  5 iguanas
  6 orc wizards
  A hound zombie (D:4)
  2 hound skeletons (D:4)
  4 mummies
  A howler monkey zombie (D:6)
  10 gnolls
  6 adders
  A white imp (D:7)
  4 adder zombies
  A worm (D:3)
  2 dart slugs
  30 orcs
  2 bats
  4 endoplasms
  5 giant cockroaches
  5 hobgoblins
  3 jackals (D:2)
  4 quokkas
  8 ball pythons
  3 frilled lizards
  8 goblins
  A goblin zombie (D:4)
  7 kobolds
  4 rats
  A rat zombie (D:4)
223 creatures vanquished.

Notes
Turn   | Place    | Note
-------+----------+-------------------------------------------
     0 | D:1      | DearestLeader the Minotaur Fighter began the quest for the
                  | Orb.
     0 | D:1      | Reached XP level 1. HP: 19/19 MP: 0/0
   257 | D:1      | Reached XP level 2. HP: 27/27 MP: 1/1
   469 | D:1      | Reached skill level 3 in Axes
   470 | D:1      | Found a faded altar of an unknown god.
   926 | D:2      | Reached XP level 3. HP: 33/33 MP: 2/2
  1188 | D:2      | Noticed Sigmund
  1204 | D:2      | Killed Sigmund
  1205 | D:2      | Reached skill level 5 in Axes
  1205 | D:2      | Reached skill level 5 in Shields
  1205 | D:2      | Reached XP level 4. HP: 6/40 MP: 3/3
  1205 | D:2      | Reached XP level 5. HP: 7/46 MP: 4/4
  1902 | D:3      | Reached skill level 6 in Axes
  2405 | D:4      | Found a sand-covered staircase.
  2416 | Ossuary  | Entered an ossuary
  2435 | Ossuary  | Reached XP level 6. HP: 52/52 MP: 5/5
  2457 | Ossuary  | Reached skill level 7 in Axes
  2509 | Ossuary  | Reached skill level 5 in Fighting
  2512 | Ossuary  | Reached XP level 7. HP: 57/61 MP: 6/6
  2532 | Ossuary  | Reached skill level 8 in Axes
  2623 | Ossuary  | Reached skill level 9 in Axes
  3032 | D:4      | Found a runed translucent gate.
  3032 | D:4      | Noticed FDRCH's ghost (amateur DECj)
  3054 | D:4      | Found a hazy altar of Hepliaklqana.
  3228 | D:4      | Found a staircase to the Ecumenical Temple.
  3228 | D:4      | Noticed Eustachio
  3251 | D:4      | Killed Eustachio
  3252 | D:4      | Reached skill level 1 in Dodging
  3252 | D:4      | Reached XP level 8. HP: 68/68 MP: 7/7
  3278 | Temple   | Entered the Ecumenical Temple
  3322 | Temple   | Became a worshipper of Warmaster Okawaru
  3398 | D:4      | Reached skill level 10 in Axes
  3439 | D:4      | Found an ornate altar of the Wu Jian Council.
  3536 | D:4      | Found a basalt altar of Yredelemnul.
  3589 | D:4      | Reached skill level 1 in Invocations
  3599 | D:4      | Reached skill level 5 in Armour
  3633 | D:4      | Reached * piety under Okawaru
  4019 | D:4      | Found a runed translucent gate.
  4020 | D:4      | Found a runed translucent gate.
  4289 | D:4      | Killed FDRCH's ghost
  4407 | D:4      | Reached skill level 11 in Axes
  4638 | D:5      | Entered Level 5 of the Dungeon
  4643 | D:5      | Found a hide-covered altar of Uskayaw.
  4787 | D:5      | Found a large runed translucent door.
  4787 | D:5      | Found a large runed translucent door.
  4799 | D:5      | Found a shimmering altar of Xom.
  4802 | D:5      | Identified the +8 short sword of Butsuwyasch {chaos, Fly
                  | rElec rF+++ Dex-5 Stlth-}
  4809 | D:5      | Reached XP level 9. HP: 44/74 MP: 10/10
  5542 | D:5      | Reached ** piety under Okawaru
  5806 | D:5      | Found a blossoming altar of Fedhas.
  5886 | D:5      | Found a broken altar of Ashenzari.
  5893 | D:5      | Reached skill level 12 in Axes
  6735 | D:6      | Found a shimmering blue altar of Sif Muna.
  6800 | D:6      | Found a bloodstained altar of Trog.
  6815 | D:6      | Found an ancient bone altar of Kikubaaqudgha.
  6829 | D:6      | Found a snail-covered altar of Cheibriados.
  7258 | D:7      | Reached *** piety under Okawaru
  7404 | D:7      | Reached XP level 10. HP: 67/79 MP: 12/12
  7550 | D:7      | Reached skill level 5 in Invocations
  7804 | D:7      | Noticed Joseph
  7821 | D:7      | Killed Joseph
  7822 | D:7      | Reached skill level 13 in Axes
  7986 | D:7      | Found Wiekaph's Armour Shoppe.
  7989 | D:7      | Bought a +0 plate armour of fire resistance for 390 gold
                  | pieces
  8237 | D:8      | Reached **** piety under Okawaru
  9575 | D:8      | Found a glowing silver altar of Zin.
  9624 | D:9      | Found a glowing golden altar of the Shining One.
  9646 | D:9      | Noticed a two-headed ogre
  9677 | D:8      | Reached skill level 14 in Axes
  9881 | D:8      | Killed a two-headed ogre
 10247 | D:9      | Paralysed by a hornet for 1 turns
 10253 | D:9      | Paralysed by a hornet for 1 turns
 10260 | D:9      | Reached XP level 11. HP: 38/89 MP: 12/14
 11301 | D:10     | Entered Level 10 of the Dungeon
 11301 | D:10     | Found a staircase to the Orcish Mines.
 11303 | D:10     | Noticed a two-headed ogre
 11316 | D:9      | Reached ***** piety under Okawaru
 11338 | D:9      | Slain by a two-headed ogre

Illustrated notes

Levels and vault maps discovered:
D:1:      minmay_arrival_jagged, layout_loops_ring,
          shapermc_ecumenical_altar_mp_ritualfount, minmay_pentomino_x2
D:2:      layout_loops_ring, kennysheep_generic_room_14, uniq_sigmund
D:3:      layout_basic, minmay_misc_feat_hallway
D:4:      layout_loops_ring, lemuel_mausoleum_altar_yredelemnul,
          mainiacjoe_overflow_alcove_1,
          mainiacjoe_overflow_concentric_impassable, temple_green,
          biasface_ghost_orc_armoury, enter_ossuary_4,
          chequers_serial_rivers_micro_d, uniq_eustachio
D:5:      due_chaos_kobolds, layout_gridville, ashenzari_altar_1,
          kennysheep_little_box, eat_drink_and_be_merry_uskayaw
D:6:      layout_basic, nicolae_overflow_quartered_altars
D:7:      layout_loops_cross, serial_shops, nicolae_shop_behind_doors,
          uniq_joseph
D:8:      layout_loops_ring, marbit_many_paths, minmay_misc_feat_chi
D:9:      layout_irregular_city, mainiacjoe_overflow_alcove_2
D:10:     layout_big_octagon, orc_david_3, grunt_decor_clamped
Temple:   compressed_dpeg_circular_temple

Skill      XL: |  1  2  3  4  5  6  7  8  9 10 |
---------------+-------------------------------+-----
Axes           | 3 5 6 7 9 11 12 14 | 14.5
Fighting       | 4 5 6 |  6.5
Armour         | 4 5 7 9 |  9.4
Shields        | 4 5 |  5.1
Dodging        | 1 3 4 |  4.0
Invocations    | 2 4 6 |  6.8

Action                   |  1- 3 |  4- 6 |  7- 9 | 10-12 || total
-------------------------+-------+-------+-------+-------++-------
Melee: War axe           |    70 |    71 |   395 |   288 ||   824
       Headbutt          |     8 |    14 |    88 |    59 ||   169
Invok: Heroism           |       |       |       |     3 ||     3
Evoke: Wand              |       |       |       |     1 ||     1
  Use: Scroll            |       |       |     6 |     3 ||     9
Armor: Scale mail        |    30 |       |       |       ||    30
       Chain mail        |    11 |    36 |    28 |       ||    75
       Plate armour      |       |       |   140 |   111 ||   251
Dodge: Dodged            |    25 |    12 |   109 |    80 ||   226
Block: Kite shield       |    27 |       |       |       ||    27
       Buckler           |     6 |    22 |   118 |    86 ||   232
